 Dungeon Crawl Stone Soup version 0.31.0-32-g396128a36d (webtiles) character file.

Game seed: 9685293910271724015

64 mainiacjoe the Firebug (level 4, -4/27 HPs)
             Began as an Octopode Fire Elementalist on Mar 30, 2024.
             Slain by a gnoll
             ... wielding a +0 whip
              (7 damage)
             ... on level 3 of the Dungeon.
             The game lasted 00:07:58 (1966 turns).

mainiacjoe the Firebug (Octopode Fire Elementalist) Turns: 1966, Time: 00:07:59

Health: -4/27      AC:  1    Str:  7    XL:     4   Next: 12%
Magic:  1/7        EV: 13    Int: 19    God:
Gold:   67         SH:  5    Dex: 12    Spells: 1/7 levels left

rFire   + . .        a - +2 whip (venom)
rCold   . . .        (no shield)
rNeg    . . .        (helmet restricted)
rPois   .            h - amulet of reflection
rElec   .            g - ring of protection from fire
rCorr   .            (no ring)
SInv    .            (no ring)
Will    .....        (no ring)
Stlth   +++          (no ring)
HPRegen 0.24/turn    (no ring)
MPRegen 0.10/turn    (no ring)
                     (no ring)

%: reflection
@: lethally poisoned (-4 -> -22)
A: almost no armour, amphibious, 8 rings, camouflage 1, gelatinous body 1,
(nimble swimmer 1), tentacles
a: no special abilities


You were on level 3 of the Dungeon.
You visited 1 branch of the dungeon, and saw 3 of its levels.

You collected 67 gold pieces.

Inventory:

Hand Weapons
 a - a +2 whip of venom (weapon)
 j - a +0 short sword of flaming
 l - a +0 sling
Missiles
 d - 12 stones
 e - 4 poisoned darts
Jewellery
 g - a ring of protection from fire (left tentacle)
 h - an amulet of reflection (around mantle)
Scrolls
 m - a scroll of fog {unknown}
Potions
 b - a potion of magic
 c - a potion of cancellation
 f - a potion of enlightenment {unknown}
 i - a potion of brilliance {unknown}
 k - a potion of heal wounds {unknown}


   Skills:
 - Level 2.0 Dodging
 + Level 3.9 Stealth
 + Level 2.1 Spellcasting
 - Level 1.0 Conjurations
 + Level 0.7 Translocations
 * Level 4.1 Fire Magic


You had one spell level left.
You knew the following spells:

 Your Spells              Type           Power      Damage    Failure   Level
a - Foxfire               Conj/Fire      44%        2x1d6     6%          1
b - Scorch                Fire           34%        2d6       4%          2
c - Volatile Blastmotes   Fire/Tloc      22%        2d11      19%         3

Your spell library contained the following spells:

 Spells                   Type           Power      Damage    Failure   Level
 Summon Small Mammal      Summ           8%         N/A       17%         1
 Searing Ray              Conj           10%        2d4       17%         2
 Static Discharge         Conj/Air       6%         3-4/arc   21%         2
 Inner Flame              Hex/Fire       9%         N/A       22%         3
 Stone Arrow              Conj/Erth      6%         3d7       38%         3
 Flame Wave               Conj/Fire      11%        2d6       50%         4
 Summon Lightning Spire   Summ/Air       2%         N/A       86%         4
 Freezing Cloud           Conj/Ice/Air   1%         6-21      99%         5
 Conjure Ball Lightning   Conj/Air       1%         3x3d6     100%        6
 Summon Horrible Things   Summ           1%         N/A       100%        8


Dungeon Overview and Level Annotations

Branches:
Dungeon (3/15)

Altars:

Shops:
D:1 (


Innate Abilities, Weirdness & Mutations

You cannot wear most types of armour.
You are amphibious.
You can wear up to eight rings at the same time.
Your skin changes colour to match your surroundings (Stealth+).
Your rubbery body absorbs attacks. (AC +1, EV +1)
((You are camouflaged when in or above water. (Stealth+)))
You have tentacles for arms and can constrict up to eight enemies at once.


Message History

You conjure some foxfire!
The foxfire hits the gnoll.
The gnoll is moderately wounded.
The gnoll shouts!
The foxfire hits the gnoll.
The gnoll is heavily wounded.
Casting: Foxfire (safe; 6% risk of failure)
Confirm with . or Enter, or press ? or * to list all spells.
You conjure some foxfire!
The foxfire hits the gnoll.
The gnoll is severely wounded.
The foxfire hits the gnoll.
The gnoll is severely wounded.
Casting: Foxfire (safe; 6% risk of failure)
Confirm with . or Enter, or press ? or * to list all spells.
You conjure some foxfire!
The foxfire hits the gnoll but does no damage.
The gnoll is severely wounded.
A quokka comes into view.
Casting: Foxfire (safe; 6% risk of failure)
Confirm with . or Enter, or press ? or * to list all spells.
You conjure some foxfire!
The gnoll hits you from afar with a +2 spear of venom!
You are poisoned.
You feel very sick.
The foxfire hits the gnoll but does no damage.
The gnoll is severely wounded.
The gnoll hits you from afar with a +2 spear of venom.
* * * LOW HITPOINT WARNING * * *
You are more poisoned.
You block the gnoll's attack.
Casting: Foxfire (safe; 6% risk of failure)
Confirm with . or Enter, or press ? or * to list all spells.
Flames lash the gnoll.
The gnoll is heavily wounded.
The gnoll's fire resistance burns away.
* * * LOW HITPOINT WARNING * * *
You feel very sick. The gnoll hits you with a +0 whip!
You die...

# # #.## .#####
.....####......
####...........
#@.gg..<...#
#g#######J.#
#.# .... #.#
.... #<# ...
#.# ..
#.####### .
#........
#....#######


You could see 3 gnolls.

Vanquished Creatures
  2 adders (D:2)
  A dart slug (D:2)
  A ribbon worm (D:2)
  2 ball pythons
  3 bats
  4 endoplasms
  2 giant cockroaches
  3 goblins
  A hobgoblin (D:1)
  3 jackals (D:2)
  3 kobolds (D:1)
  A quokka (D:1)
  6 frilled lizards
  10 rats
42 creatures vanquished.

Vanquished Creatures (others)
  86 foxfires
86 creatures vanquished.

Grand Total: 128 creatures vanquished

Notes
Turn   | Place    | Note
-------+----------+-------------------------------------------
     0 | D:1      | mainiacjoe the Octopode Fire Elementalist began the quest
                  | for the Orb.
     0 | D:1      | Reached XP level 1. HP: 11/11 MP: 3/3
   107 | D:1      | Reached XP level 2. HP: 16/17 MP: 0/5
   110 | D:1      | Learned a level 2 spell: Scorch
   932 | D:1      | Found Laosox's Antique Weapon Boutique.
  1027 | D:1      | Reached XP level 3. HP: 21/21 MP: 4/6
  1031 | D:1      | Learned a level 3 spell: Volatile Blastmotes
  1216 | D:2      | Identified a scroll of acquirement
  1216 | D:2      | Acquired the Enchiridion on Damaging Invitation
  1372 | D:2      | Reached skill level 4 in Fire Magic
  1628 | D:2      | Reached XP level 4. HP: 27/27 MP: 4/7
  1966 | D:3      | Slain by a gnoll

Illustrated notes

Levels and vault maps discovered:
D:1:      dpeg_arrival_tiny_h, layout_loops_corners, serial_shops, shop,
          minmay_misc_feat_tiny
D:2:      layout_basic
D:3:      layout_loops_ring, serial_shops, shop, nicolae_shop_window_shopping,
          hellmonk_ecumenical_altar_slurped_away, serial_park_tiny_2,
          minmay_misc_feat_chi

Skill      XL: |  1  2  3 |
---------------+----------+-----
Stealth        | 3 |  3.9
Fire Magic     | 4 |  4.1
Dodging        | |  2.0
Spellcasting   | |  2.1
Conjurations   | |  1.0
Translocations | |  0.7

Action                     |  1- 3 |  4- 6 || total
---------------------------+-------+-------++-------
  Melee: Short sword       |     7 |       ||     7
         Constrict         |     3 |       ||     3
         Tentacles         |     1 |       ||     1
   Cast: Foxfire           |    38 |    12 ||    50
         Scorch            |    10 |     1 ||    11
         Volatile Blastmot |     1 |       ||     1
    Use: Scroll            |     7 |     1 ||     8
 Armour: Skin              |     8 |     3 ||    11
  Dodge: Dodged            |     6 |       ||     6
  Block: Other             |       |     1 ||     1
